 Dungeon Crawl Stone Soup version 0.18-a0-943-g2c08dd4 (webtiles) character file.

675 st0uf the Shield-Bearer (level 7, -2/55 HPs)
             Began as a Formicid Fighter on Dec 28, 2015.
             Was a Follower of Makhleb.
             Slain by a hell rat (9 damage)
             ... on level 5 of the Dungeon.
             The game lasted 00:22:05 (4191 turns).

st0uf the Shield-Bearer (Formicid Fighter)          Turns: 4191, Time: 00:22:05

Health: -2/55      AC: 11    Str: 23      XL:     7   Next: 91%
Magic:  7/7        EV:  8    Int:  7      God:    Makhleb [*.....]
Gold:   276        SH: 11    Dex:  8 (10) Spells: 0 memorised, 6 levels left

rFire  . . .     SeeInvis +     a - +1 long sword
rCold  . . .     Gourm    .     b - +0 scale mail
rNeg   . . .     Faith    .     c - +1 shield
rPois  .         Spirit   .     (helmet unavailable)
rElec  .         Dismiss  .     j - +2 cloak
rCorr  .         Reflect  .     (no gloves)
SustAt .         Harm     .     e - +0 pair of boots
MR     .....                    (no amulet)
Stlth  ..........               (no ring)
                                E - ring of invisibility

@: drained, not resistant to hostile enchantments, extremely unstealthy
A: permanent stasis, dig shafts and tunnels, four strong arms, antennae 3
a: Dig, Shaft Self, Renounce Religion, Evoke Invisibility


You were on level 5 of the Dungeon.
You worshipped Makhleb.
Makhleb was aware of your devotion.
You were not hungry.

You visited 2 branches of the dungeon, and saw 6 of its levels.

You collected 276 gold pieces.

Inventory:

Hand Weapons
 a - a +1 long sword (weapon)
Armour
 b - a +0 scale mail (worn)
 c - a +1 shield (worn)
 e - a +0 pair of boots (worn)
 j - a +2 cloak (worn)
Jewellery
 n - an uncursed amulet of dismissal
 q - a cursed amulet of inaccuracy {unknown}
 E - a ring of invisibility (left hand)
Wands
 x - a wand of slowing (29/48)
Scrolls
 i - a scroll of recharging {unknown}
 p - a scroll of enchant weapon
 r - 2 scrolls of remove curse
 y - a scroll of amnesia
 C - 2 scrolls of fear
Potions
 d - a potion of might
 g - a potion of heal wounds {unknown}
 h - a potion of lignification {unknown}
 l - 2 potions of flight {unknown}
 o - 2 potions of magic {unknown}
 s - 2 potions of curing {unknown}
 t - 2 potions of haste {unknown}
 w - a potion of ambrosia {unknown}
 z - a potion of cure mutation {unknown}
 A - a potion of cancellation {unknown}
 D - 2 potions of berserk rage {unknown}
Books
 u - a book of the Dragon

   Spells                             Type                      Level
   a - Flame Tongue                   Conjuration/Fire             1
   b - Cause Fear                     Hexes                        4
   c - Bolt of Fire                   Conjuration/Fire             6
   d - Dragon Form                    Transmutation                7
   e - Dragon's Call                  Summoning                    9
Comestibles
 f - 3 bread rations
 k - a meat ration
 m - a slice of pizza
 v - 2 fruits
 B - 9 chunks of flesh


   Skills:
 + Level 4.5(3.8) Fighting
 * Level 5.2(4.5) Long Blades
 + Level 4.9(4.1) Armour
 + Level 6.5(5.8) Shields


You had 6 spell levels left.
You didn't know any spells.

Dungeon Overview and Level Annotations

Branches:
Dungeon (5/15)             Temple (1/1) D:4

Altars:
Ashenzari
Cheibriados
Dithmenos
Fedhas
Gozag
Kikubaaqudgha
Makhleb
Nemelex Xobeh
Okawaru
Pakellas
Qazlal
Ru
Sif Muna
Trog
Vehumet
Xom
Yredelemnul
Zin
The Shining One

Annotations:
D:5 Prince Ribbit


Innate Abilities, Weirdness & Mutations

You are under a permanent stasis effect.
You can dig through walls and to a lower floor.
Your four strong arms can wield two-handed weapons with a shield.
You have a pair of large antennae on your head (SInv).


Message History

The hell rat is almost dead.
The rat twitches its whiskers.
The hell rat bites you but does no damage.
A rat comes into view.
You barely miss the hell rat.
The hell rat is almost dead.
The rat twitches its whiskers.
The hell rat closely misses you. The hell rat bites you!
* * * LOW HITPOINT WARNING * * *
You feel drained.
* * * LOW HITPOINT WARNING * * *
You closely miss the hell rat.
The hell rat is almost dead.
The hell rat bites you.
* * * LOW HITPOINT WARNING * * *
A rat comes into view.
You hit the hell rat but do no damage.
The hell rat is almost dead.
The hell rat bites you!
You die... ##..# #...# ....# . ....# {{{ r. ....# {rrr.. )...# # rrr..

....# #. ##rr.r
#...# #.####rr#r{
##..##### #..#@# {{
##...#.#######.##..#
#.##.#..##......#
#.######..###...#
#.# #### ...#.# ..#
###.## ..# #.# #..#
.# ##.# .


You could see a hell rat, 4 river rats and 3 rats.

Vanquished Creatures
  A centaur (D:3)
  A quasit (D:5)
  An orc priest (D:4)
  A hound (D:4)
  2 iguanas
  4 orc wizards
  5 worker ants
  A hound skeleton (D:5)
  A worker ant zombie (D:5)
  5 adders
  An adder skeleton (D:4)
  An adder zombie (D:5)
  5 worms
  4 giant geckos
  9 orcs
  5 goblins
  7 hobgoblins
  3 quokkas
  3 ball pythons
  9 bats
  3 giant cockroaches
  3 giant newts
  7 jackals
  15 kobolds
  16 rats
113 creatures vanquished.

Notes
Turn   | Place    | Note
--------------------------------------------------------------
     0 | D:1      | st0uf the Formicid Fighter began the quest for the Orb.
     0 | D:1      | Reached XP level 1. HP: 18/18 MP: 1/1
   310 | D:1      | Reached XP level 2. HP: 24/24 MP: 2/2
   488 | D:1      | Reached skill level 4 in Shields
   664 | D:1      | Reached XP level 3. HP: 29/29 MP: 3/3
  1308 | D:2      | Reached XP level 4. HP: 35/35 MP: 4/4
  1717 | D:3      | Noticed a centaur
  1733 | D:3      | Killed a centaur
  1733 | D:3      | Reached skill level 5 in Shields
  1733 | D:3      | Reached XP level 5. HP: 26/42 MP: 5/5
  1919 | D:3      | Reached XP level 6. HP: 48/48 MP: 6/6
  2362 | D:3      | Found a deep blue altar of Sif Muna.
  2363 | D:3      | Found a glowing golden altar of the Shining One.
  2479 | D:4      | Found a staircase to the Ecumenical Temple.
  2519 | Temple   | Entered the Ecumenical Temple
  2544 | Temple   | Became a worshipper of Makhleb the Destroyer
  2580 | D:4      | Found a basalt altar of Yredelemnul.
  2582 | D:4      | Found an opulent altar of Gozag.
  3032 | D:4      | Found a shadowy altar of Dithmenos.
  3225 | D:4      | Reached XP level 7. HP: 49/54 MP: 7/7
  3309 | D:5      | Entered Level 5 of the Dungeon
  3309 | D:5      | Noticed Prince Ribbit
  3356 | D:4      | Reached skill level 6 in Shields
  3842 | D:5      | Reached * piety under Makhleb
  3862 | D:5      | Found an iron altar of Okawaru.
  4108 | D:5      | Reached skill level 5 in Long Blades
  4191 | D:5      | Slain by a hell rat

Vault maps used:
D:1:      lightli_arrival_quake, minmay_tree_intersection,
          lexackson_kobold_supper
D:2:      serial_bayou_lagoon_a
D:3:      gammafunk_temple_overflow_statue
D:4:      lemuel_coloured_pillars_altar, nicolae_overflow_hidden_temple,
          temple_pool_b
D:5:      lemuel_ratsnest, elyvilon_altar_5, kennysheep_okawaru_gauntlet,
          first_bread, uniq_prince_ribbit1
Temple:   circular_temple_13

Action                   |  1- 3 |  4- 6 |  7- 9 || total
-------------------------+-------+-------+-------++-------
Melee: Long sword        |   154 |   207 |   137 ||   498
 Abil: Dig               |     4 |       |     4 ||     8
  Use: Scroll            |     3 |     5 |       ||     8
  Eat: Chunk             |     2 |     6 |     4 ||    12
